 Dungeon Crawl Stone Soup version 0.30-a0-1103-g25895a7845 (webtiles) character file.

Game seed: 16462422935409254176

818 Newt the Cudgeller (level 7, 0/55 HPs)
             Began as a Demonspawn Gladiator on Apr 18, 2023.
             Slain by Blork the orc
             ... wielding a +0 flail
              (7 damage)
             ... on level 4 of the Dungeon.
             The game lasted 00:04:26 (3168 turns).

Newt the Cudgeller (Demonspawn Gladiator)           Turns: 3168, Time: 00:04:26

Health: 0/55       AC:  4    Str: 17    XL:     7   Next: 62%
Magic:  7/7        EV: 12    Int:  9    God:
Gold:   46         SH:  0    Dex: 14    Spells: 6/6 levels left

rFire   . . .      SeeInvis .    m - +0 whip (flame)
rCold   . . .      Faith    .    (no shield)
rNeg    . . .      Spirit   .    b - +0 leather armour
rPois   .          Reflect  .    (helmet restricted)
rElec   .          Rampage  .    h - +0 cloak
rCorr   .                        (no gloves)
Will    .....                    (no boots)
Stlth   +                        g - amulet of the acrobat
HPRegen 0.29/turn                (no ring)
MPRegen 0.10/turn                (no ring)

@: no status effects
A: antennae 2, spiny 1
a: no special abilities


You were on level 4 of the Dungeon.
You visited 1 branch of the dungeon, and saw 4 of its levels.

You collected 118 gold pieces.
You spent 72 gold pieces at shops.

Inventory:

Hand Weapons
 a - a +0 rapier
 m - a +0 whip of flaming (weapon)
 r - a +2 dagger of speed
 s - a +0 whip of distortion
Missiles
 f - 7 boomerangs (quivered)
 j - 21 stones
Armour
 b - a +0 leather armour (worn)
 c - a +0 helmet
 h - a +0 cloak (worn)
Jewellery
 g - an amulet of the acrobat (around neck)
Scrolls
 k - 2 scrolls of teleportation
 n - a scroll of enchant weapon
 p - 2 scrolls of enchant armour
 q - a scroll of noise
Potions
 l - a potion of heal wounds
 u - a potion of cancellation {unknown}


   Skills:
 + Level 4.7 Fighting
 - Level 4.0 Short Blades
 - Level 5.0 Maces & Flails
 - Level 1.7 Throwing
 - Level 3.0 Armour
 - Level 2.6 Dodging


You had 6 spell levels left.
You didn't know any spells.
Your spell library contained the following spells:

 Spells                   Type           Power      Damage    Failure   Level
 Freeze                   Ice            0%         1d3       43%         1
 Dazzling Flash           Conj/Hex       0%         N/A       82%         3
 Frozen Ramparts          Ice            0%         1d1       82%         3
 Hailstorm                Conj/Ice       0%         3d3       82%         3
 Volatile Blastmotes      Fire/Tloc      0%         2d10      82%         3
 Iskenderun's Mystic Bla  Conj/Tloc      0%         2d3       99%         4
 Starburst                Conj/Fire      0%         6d3       100%        6


Dungeon Overview and Level Annotations

Branches:
Dungeon (4/15)
 Temple: D:4-7

Altars:
Cheibriados

Shops:
D:2 ?

Annotations:
D:4 Blork the orc


Innate Abilities, Weirdness & Mutations

You have a pair of antennae on your head.
You are partially covered in sharp spines.


Message History

Aim: Blork the orc, wielding a +0 flail and wearing a +0 robe (fast, 64% to hit)
You throw a throwing net. The throwing net hits Blork the orc.
Blork the orc is caught in the net!
You hear the brisk rusting of a very distant drain.
Blork the orc struggles against the net.
Unknown command.
You catch the helpless Blork the orc completely off-guard!
You hit Blork the orc. You burn Blork the orc.
Blork the orc is lightly wounded.
Blork the orc struggles against the net.
You hit Blork the orc. You burn Blork the orc.
Blork the orc is moderately wounded.
Blork the orc casts a spell at you. The puff of flame hits you.
Blork the orc struggles against the net.
You hit Blork the orc. You burn Blork the orc.
Blork the orc is heavily wounded.
Blork the orc struggles against the net.
You strike the helpless Blork the orc from behind!
You whack Blork the orc! You burn Blork the orc.
Blork the orc is almost dead.
Blork the orc struggles against the net.
The net rips apart, and Blork the orc comes free!
You hit Blork the orc. You burn Blork the orc.
Blork the orc is almost dead.
Blork the orc looks braver for a moment.
Blork the orc hits you with a +0 flail!
* * * LOW HITPOINT WARNING * * *
Throw: throwing net
Press: ? - help, Shift-Dir - straight line, f/p - Blork the orc
Aim: Blork the orc, wielding a +0 flail and wearing a +0 robe (almost dead, fast, 64% to hit)
You throw a throwing net.
The throwing net closely misses Blork the orc.
The throwing net hits the orc.
The orc is caught in the net!
The orc struggles against the net.
Unknown command.
You hit Blork the orc but do no damage.
Blork the orc is almost dead.
Blork the orc hits you with a +0 flail!
You die...

#............#*,
#............#*,
#............#*,
#.#####......#*,
###.# #......#*,
#...# #$######*,
#.### #.*** *,
#####o# #.,,* **
#(.o†@# ***,*
##)###+###******,*
*#.........,,,,,*,*
#.s..#####.,,,,,*,*
#...#.#**,*,,,,,,,*
#..#.#J#,*,*,,,,*****
#..##.#$#,**,,,,,,,,*
#..#*#s#$#**,**,,,,,*
#..#*,#|#.#*,,*,,,,,*


You could see Blork the orc (fast) and an orc (caught).

Vanquished Creatures
  Pikel (D:3)
  A black bear (D:4)
  A lemure (D:3)
  2 scorpions (D:4)
  An orc wizard (D:4)
  4 adders
  3 worms (D:3)
  9 orcs
  6 bats
  3 endoplasms
  2 giant cockroaches
  9 hobgoblins
  10 jackals
  5 kobolds
  3 quokkas
  2 ball pythons
  7 frilled lizards
  3 goblins
  2 rats (D:3)
74 creatures vanquished.

Notes
Turn   | Place    | Note
-------+----------+-------------------------------------------
     0 | D:1      | Newt the Demonspawn Gladiator began the quest for the Orb.
     0 | D:1      | Reached XP level 1. HP: 16/16 MP: 1/1
   179 | D:1      | Gained mutation: You have a pair of small antennae on your
                  | head. [demonic ancestry]
   179 | D:1      | Reached XP level 2. HP: 23/23 MP: 2/2
   743 | D:2      | Found a snail-covered altar of Cheibriados.
   925 | D:2      | Reached XP level 3. HP: 29/29 MP: 3/3
  1096 | D:2      | Found Douluqoi's Magic Scroll Boutique.
  1105 | D:2      | Bought a scroll of identify for 24 gold pieces
  1105 | D:2      | Bought a scroll of identify for 24 gold pieces
  1317 | D:2      | Bought a scroll of identify for 24 gold pieces
  1741 | D:3      | Gained mutation: You have a pair of antennae on your head.
                  | [demonic ancestry]
  1741 | D:3      | Reached XP level 4. HP: 37/37 MP: 4/4
  2416 | D:3      | Found a faded altar of an unknown god.
  2747 | D:4      | Noticed a lemure
  2747 | D:4      | Noticed a lemure
  2747 | D:4      | Noticed a lemure
  2748 | D:4      | Noticed Pikel
  2748 | D:4      | Noticed a lemure
  2798 | D:3      | Killed a lemure
  2814 | D:3      | Killed Pikel
  2815 | D:3      | Reached skill level 5 in Maces & Flails
  2815 | D:3      | Reached skill level 1 in Armour
  2815 | D:3      | Reached XP level 5. HP: 18/42 MP: 5/5
  2815 | D:3      | Reached XP level 6. HP: 20/48 MP: 6/6
  2815 | D:3      | Gained mutation: You are partially covered in sharp spines.
                  | [demonic ancestry]
  2815 | D:3      | Reached XP level 7. HP: 23/54 MP: 7/7
  3126 | D:4      | Noticed Blork the orc
  3168 | D:4      | Slain by Blork the orc

Illustrated notes

Levels and vault maps discovered:
D:1:      amcnicky_arrival_flooded_fountain, layout_loops_ring,
          minmay_statues_item, grunt_decor_fettered, minmay_close_crescents
D:2:      layout_basic, serial_shops, nicolae_diamond_shop, basic_altar,
          nicolae_kite_square_tiling_tiny
D:3:      layout_loops_cross, shapermc_ecumenical_altar_totnotflames
D:4:      minmay_chambers_of_fours, layout_basic, mainiacjoe_overflow_alcove_2,
          serial_shops, shop, cheibrodos_sewer_entry_bend, minmay_circle_x,
          uniq_pikel, uniq_blork_the_orc

Skill      XL: |  1  2  3  4  5  6  7 |
---------------+----------------------+-----
Fighting       | 3 4 |  4.7
Short Blades   | 3 4 |  4.0
Maces & Flails | 5 |  5.0
Armour         | 1 3 |  3.0
Throwing       | |  1.7
Dodging        | |  2.6

Action                     |  1- 3 |  4- 6 |  7- 9 || total
---------------------------+-------+-------+-------++-------
  Melee: Rapier            |   145 |     9 |       ||   154
         Punch             |     1 |     1 |     1 ||     3
         Dagger            |       |   141 |       ||   141
         Whip              |       |       |    54 ||    54
  Throw: Stone             |     8 |       |       ||     8
         Throwing net      |       |     3 |     2 ||     5
         Javelin           |       |     1 |     4 ||     5
    Use: Scroll            |     9 |     2 |       ||    11
         Potion            |       |     2 |     2 ||     4
   Stab: Held in net/web   |       |     3 |     2 ||     5
 Armour: Leather armour    |    45 |     9 |    17 ||    71
         Skin              |       |    10 |       ||    10
  Dodge: Dodged            |   122 |    42 |    36 ||   200

Table legend: (Time is in decaauts)
 A = Elapsed time spent in this place.
 B = Non-inter-level travel time spent in this place.
 C = Inter-level travel time spent in this place.
 D = Time resting spent in this place.
 E = Time spent auto-exploring this place.
 F = Levels seen in this place.
 G = Mean time per level.
                   A        B        C        D        E       F      G
               +--------+--------+--------+--------+--------+-----+--------+
         Total |   3109 |   2951 |    158 |    702 |   1626 |   4 |  777.2 |
       Dungeon |   3109 |   2951 |    158 |    702 |   1626 |   4 |  777.2 |
               +--------+--------+--------+--------+--------+-----+--------+

Top non-repeatable levels by time:
     D:3: 1489 daAuts
     D:2: 747 daAuts
     D:1: 740 daAuts
     D:4: 131 daAuts
